 Dungeon Crawl Stone Soup version 0.31-a0-983-g7b6862f502 (webtiles) character file.

Game seed: 8583301910517825427

150 avis the Ducker (level 5, 24/24 HPs)
             Began as a Felid Shapeshifter on Nov 2, 2023.
             Got out of the dungeon alive.
             The game lasted 00:10:35 (1953 turns).

avis the Ducker (Felid Shapeshifter)                Turns: 1953, Time: 00:10:36

Health: 24/24      AC:  1    Str: 10    XL:     5   Next: 10%
Magic:  6/6        EV: 19    Int: 11    God:
Gold:   90         SH:  0    Dex: 18    Spells: 4/4 levels left
                                        Lives:  1   Deaths: 1

rFire   . .          .
                       - Unarmed
rCold   . . .        (shield unavailable)
rNeg    . . .        (body armour unavailable)
rPois   .            (helmet unavailable)
rElec   .            (cloak unavailable)
rCorr   +            (gloves unavailable)
SInv    +            (boots unavailable)
Will    .....        (no amulet)
Stlth   ++           k - ring of resist corrosion
HPRegen 0.24/turn    (no ring)
MPRegen 0.10/turn

%: no passive effects
@: beast-form, quick
A: beast (slay +2), very small, claws 1, fangs 3, see invisible, speed 1, shaggy
fur 1, stealthy paws, no weapons or thrown items, no armour, multi-lived
a: Begin Untransformation


You escaped.
You were a hulking beast.
You visited 1 branch of the dungeon, and saw 3 of its levels.

You collected 90 gold pieces.

Inventory:

Jewellery
 k - a ring of resist corrosion (left paw)
Talismans
 b - a beast talisman
 f - a flux talisman
 m - a maw talisman
Scrolls
 d - a scroll of identify {unknown}
 h - a scroll of enchant armour {unknown}
 i - a scroll of blinking {unknown}
 j - a scroll of vulnerability {unknown}
 n - a scroll of poison {unknown}
 o - a scroll of revelation {unknown}
 p - a scroll of fear {unknown}
 q - a scroll of enchant weapon {unknown}
Potions
 a - 2 potions of lignification
 c - a potion of curing {unknown}
 e - a potion of resistance {unknown}
 g - 2 potions of brilliance {unknown}
 l - a potion of heal wounds {unknown}
 r - a potion of enlightenment {unknown}


   Skills:
 - Level 3.0 Fighting
 - Level 5.0 Dodging
 - Level 3.0 Unarmed Combat
 * Level 4.1 Shapeshifting


You had 4 spell levels left.
You didn't know any spells.
Your spell library contained the following spells:

 Spells                   Type           Power      Damage    Failure   Level
 Dazzling Flash           Conj/Hex       0%         N/A       71%         3
 Volatile Blastmotes      Fire/Tloc      0%         2d10      71%         3
 Starburst                Conj/Fire      0%         6d3       100%        6
 Maxwell's Capacitive Co  Air            0%         ∞         100%        8


Dungeon Overview and Level Annotations

Branches:
Dungeon (3/15)

Altars:
Hepliaklqana

Annotations:
D:1 Sigmund


Innate Abilities, Weirdness & Mutations

You are a hulking beast.
Your limbs bulge with bestial killing power. (Slay +2)
You have sharp claws.
You have razor-sharp teeth.
You have supernaturally acute eyesight. (SInv)
You cover ground quickly. (Speed+)
You are covered in fur. (AC +1)
Your paws help you pounce on unaware monsters.
You are incapable of wielding weapons or throwing items.
You cannot wear armour.
You gain extra lives every three experience levels.


Message History

You see here a quokka corpse.
A kobold comes into view. It is wielding a +0 short sword.
Found a leather armour.
The kobold shouts!
You hear a shout!
A gnoll comes into view. It is wielding a +0 spear.
The gnoll shouts!
A gnoll comes into view. It is wielding a +0 spear.
The gnoll shouts!
The kobold throws a stone.
The stone hits you.
A gnoll comes into view. It is wielding a +0 halberd.
The kobold barely misses you.
The gnoll hits you from afar with a +0 spear!
The gnoll shouts!
You scratch the kobold.
The kobold is severely wounded.
The kobold hits you with a +0 short sword.
The gnoll completely misses you. The kobold attacks as it pursues you!
The kobold hits you with a +0 short sword.
The gnoll attacks as it pursues you! The gnoll barely misses you.
There is a stone staircase leading up here.
The kobold throws a stone.
The stone misses you.
The kobold throws a stone.
The stone hits you.
The kobold throws a stone.
The stone hits you.
The kobold throws a stone.
The stone hits you but does no damage.
The gnoll hits you from afar with a +0 halberd!
Ouch! That really hurt!
You die...
Your shape twists and changes as you die.
You rejoin the land of the living...
There is a stone staircase leading up here.
You climb upwards.
There is a stone staircase leading down here.
What level of the Dungeon? (default 2, ? - help)
There is a stone staircase leading up, spattered with blood here.
You climb upwards.
Level annotation: Sigmund
There is a stone staircase leading down here.
There is a staircase leading out of the dungeon here.
You have escaped! #.PPPPPPPP.P.PP.P#...#

###...#.
#.PPPPPPPPPPPPP.P#...######...#.
#.PPPPP.....PPPPP..............>
##.PPP..PPPPP..PPP#..............
...PP.PPP...PPP.PP#...#####......
#.#PP.PP.PPP.PP.PP........)......
#.#P.PP.PP.PP.PP.P......###...#..
#..P.P.PP.P.PP.P.P.............(.
##...P.P.PPP.P.PhP...#...........
##P.P.PP.P.PP.P.P............#..
#P.PP.PP.PP.PP.P##.#...#....#..
#PP.PP.PPP.PP.PP##.#...........
###PP.PPP...PPP.PP.........#..#..
..#PPP..PPPPP..PPP...............
..#PPPPP.....PPPPP##.............
..#PPPPPPPPPPPPPPP##.............
..#PPPPPPPPPPPPPPP...............


There were no monsters in sight!

Vanquished Creatures
  An orc priest (D:2)
  2 orc wizards (D:2)
  2 adders (D:2)
  A worm (D:3)
  A dart slug (D:2)
  2 orcs (D:2)
  2 ball pythons (D:1)
  3 bats
  5 endoplasms
  4 giant cockroaches
  2 goblins (D:1)
  8 jackals
  4 kobolds
  A quokka (D:3)
  5 frilled lizards
  2 rats
45 creatures vanquished.

Notes
Turn   | Place    | Note
-------+----------+-------------------------------------------
     0 | D:1      | avis the Felid Shapeshifter began the quest for the Orb.
     0 | D:1      | Reached XP level 1. HP: 9/9 MP: 2/2
    28 | D:1      | Found a faded altar of an unknown god.
   353 | D:1      | Reached XP level 2. HP: 10/13 MP: 3/3
   436 | D:1      | Reached skill level 3 in Dodging
   854 | D:2      | Noticed Sigmund
   956 | D:2      | Reached XP level 3. HP: 15/16 MP: 4/4
  1087 | D:2      | Reached skill level 4 in Dodging
  1282 | D:2      | Found a hazy altar of Hepliaklqana.
  1649 | D:2      | Reached XP level 4. HP: 21/21 MP: 5/5
  1664 | D:2      | Reached skill level 5 in Dodging
  1667 | D:2      | Reached XP level 5. HP: 5/24 MP: 6/6
  1890 | D:3      | Slain by a gnoll
  1953 | D:$      | Got out of the dungeon alive.

Illustrated notes

Levels and vault maps discovered:
D:1:      roderic_crop_circles_arrival_small, layout_basic,
          ebering_ecumenical_altar_petrified
D:2:      layout_rooms, basic_altar, minivault_25, minmay_vboxes, uniq_sigmund
D:3:      layout_rooms, lemuel_crystal_altar, uniq_robin, uniq_ijyb

Skill      XL: |  1  2  3  4 |
---------------+-------------+-----
Fighting       | 2 3 |  3.0
Dodging        | 3 4 5 |  5.0
Shapeshifting  | 4 |  4.1
Unarmed Combat | |  3.0

Action                     |  1- 3 |  4- 6 || total
---------------------------+-------+-------++-------
  Melee: Unarmed           |    99 |    26 ||   125
         Bite              |    15 |     4 ||    19
         Punch             |     2 |     2 ||     4
    Use: Potion            |       |     1 ||     1
   Stab: Sleeping          |       |     1 ||     1
 Armour: Skin              |    25 |    19 ||    44
  Dodge: Dodged            |    67 |    20 ||    87

Table legend: (Time is in decaauts)
 A = Elapsed time spent in this place.
 B = Non-inter-level travel time spent in this place.
 C = Inter-level travel time spent in this place.
 D = Time resting spent in this place.
 E = Time spent auto-exploring this place.
 F = Levels seen in this place.
 G = Mean time per level.
                   A        B        C        D        E       F      G
               +--------+--------+--------+--------+--------+-----+--------+
         Total |   1689 |   1609 |     80 |    418 |    657 |   3 |  563.0 |
       Dungeon |   1689 |   1609 |     80 |    418 |    657 |   3 |  563.0 |
               +--------+--------+--------+--------+--------+-----+--------+

Top non-repeatable levels by time:
     D:1: 862 daAuts
     D:2: 702 daAuts
     D:3: 124 daAuts
